Description

Quick Banshee

Replay - ggtracker_300825

Build Order

Get SALT Encoding   

  12  0:00  SCV  
  13  0:13  SCV  
  14  0:18  Supply Depot  
  14  0:25  SCV  
  14  0:28  Refinery  
  15  0:39  SCV  
  16  0:44  Barracks  
  16  0:51  SCV  
  16  0:54  Refinery  
  17  1:03  SCV  
  18  1:16  SCV  
  19  1:32  Orbital Command, Factory  
  19  1:34  Reaper  
  20  1:42  Supply Depot  
  20  1:57  SCV  
  21  2:06  Reaper  
  22  2:09  SCV  
  23  2:19  Starport, Hellion  
  23  2:21  SCV  
  26  2:27  Supply Depot  
  26  2:40  Barracks Tech Lab  
  26  2:41  Factory Tech Lab  
  28  3:02  Banshee, Cloaking Field  
  34  3:20  Cyclone  
  34  3:27  Command Center  
  32  3:38  Barracks Reactor  
  31  3:46  Supply Depot, Banshee  
  35  3:57  Cyclone  
  39  4:16  Marine x2  
  43  4:34  Refinery  
  43  4:40  Siege Tank  
  44  4:49  Barracks x2  
  44  4:52  Starport Reactor  
  44  4:53  Marine  
  44  4:54  Stimpack  
  44  4:58  Orbital Command  
  46  5:05  Engineering Bay  
  47  5:12  Siege Tank  
  46  5:33  Supply Depot  
  46  5:34  Terran Infantry Weapons Level 1  
  47  5:37  Starport Reactor  
  47  5:45  Siege Tank  
  52  5:51  Marine x5  
  56  6:09  Marine x2  
  63  6:13  Medivac x2  
  73  6:35  Combat Shield  
  80  6:47  Medivac x2  
  88  7:10  Siege Tank  
  94  7:34  Command Center  
  94  7:37  Terran Infantry Armor Level 1  
  95  7:39  Refinery  
  95  7:42  Siege Tank  
  112  8:26  Siege Tank  
  106  8:27  Medivac  
  95  8:36  Medivac  
  93  8:49  Orbital Command, Armory, Engineering Bay  
  93  8:53  Barracks x2  
  92  9:04  Refinery x2  
  92  9:07  Siege Tank  
  101  9:16  Medivac x2  
  112  9:49  Siege Tank  
  112  9:50  Barracks Reactor x2  
  117  9:58  Medivac x2  
Spawning Tool Build Advisor. Get it on Overwolf

Go to:

Details

  • Created by: Land
  • Published on: Sep 09, 2020
  • Modified on: Sep 09, 2020
  • Patch: 4.11.0
  • Difficulty: Medium
Show
View Real Time Build Order
Export as new Build Order

Comments (0)

There are no comments. Be the first!

Create an account to comment!